 Dungeon Crawl Stone Soup version 0.32-a0-35-gd9ff480 (webtiles) character file.

Game seed: 11610399433087847143

2162 Dorkslayer the Grappler (level 9, -11/62 HPs)
             Began as an Octopode Shapeshifter on Jan 21, 2024.
             Was a Follower of Dithmenos.
             Mangled by a two-headed ogre
             ... wielding a +0 giant club
              (21 damage)
             ... on level 6 of the Dungeon.
             The game lasted 00:13:42 (4477 turns).

Dorkslayer the Grappler (Octopode Shapeshifter)     Turns: 4477, Time: 00:13:42

Health: -11/62     AC:  1    Str: 17      XL:     9   Next: 32%
Magic:  9/9        EV: 15    Int: 10 (13) God:    Dithmenos [*.....]
Gold:   403        SH:  0    Dex: 11      Spells: 8/8 levels left

rFire   . . .        e - +4 hammer of the Globe {drain, rC+ rN+ Will+ Stlth+}
rCold   + + +        (no shield)
rNeg    + . .        (helmet currently unavailable)
rPois   +            g - amulet of regeneration
rElec   +            r - ring of willpower
rCorr   +            n - ring of ice
SInv    .            (no ring)
Will    ++...        (no ring)
Stlth   +++++        (no ring)
HPRegen 1.10/turn    (no ring)
MPRegen 0.11/turn    (no ring)
                     (no ring)

%: no passive effects
@: beast-form, resistant, wreathed by umbra
A: beast (slay +4), almost no armour, amphibious, 8 rings, camouflage 1,
gelatinous body 1, (nimble swimmer 1), tentacles
a: Begin Untransformation, Renounce Religion


You were on level 6 of the Dungeon.
You worshipped Dithmenos.
Dithmenos was aware of your devotion.
You were a hulking beast.
You visited 2 branches of the dungeon, and saw 7 of its levels.

You collected 403 gold pieces.

Inventory:

Hand Weapons
 e - the +4 hammer of the Globe (weapon) {drain, rC+ rN+ Will+ Stlth+}
   (You found it on level 3 of the Dungeon)

   rC+:       It protects you from cold.
   rN+:       It protects you from negative energy.
   Will+:     It increases your willpower.
   Stlth+:    It makes you more stealthy.
 o - a +4 flail
 u - a +2 heavy flail
 z - a +0 war axe
Missiles
 m - 2 throwing nets
 x - 2 boomerangs
Jewellery
 g - an amulet of regeneration (around mantle)
 n - a ring of ice (right tentacle)
 r - a ring of willpower (left tentacle)
Talismans
 b - a beast talisman
 c - a flux talisman
Wands
 l - a wand of quicksilver (4) (quivered)
Scrolls
 p - 2 scrolls of enchant weapon
 q - a scroll of revelation {unknown}
 s - a scroll of teleportation
 v - a scroll of blinking
 y - a scroll of poison {unknown}
 A - a scroll of noise {unknown}
 B - a scroll of amnesia {unknown}
Potions
 a - a potion of lignification
 d - 2 potions of curing
 f - 2 potions of brilliance
 h - 2 potions of heal wounds
 i - 2 potions of mutation {unknown}
 j - a potion of resistance
 k - a potion of attraction {unknown}
 w - a potion of haste {unknown}


   Skills:
 + Level 5.8 Fighting
 + Level 2.7 Maces & Flails
 * Level 6.3 Dodging
 + Level 4.6 Stealth
 * Level 8.6 Unarmed Combat
 * Level 1.8 Evocations
 * Level 8.4 Shapeshifting


You had 8 spell levels left.
You didn't know any spells.
Your spell library contained the following spells:

 Spells                   Type           Power      Damage    Failure   Level
 Apportation              Tloc           0%         N/A       36%         1
 Kiss of Death            Conj/Necr      0%         2d5       36%         1
 Jinxbite                 Hex            0%         N/A       50%         2
 Confusing Touch          Hex            0%         N/A       75%         3
 Dispel Undead            Necr           0%         3d6       98%         4
 Alistair's Intoxication  Alch           0%         N/A       100%        5


Dungeon Overview and Level Annotations

Branches:
Dungeon (6/15)             Temple (1/1) D:5

Altars:
Ashenzari
Cheibriados
Dithmenos
Elyvilon
Fedhas
Gozag
Hepliaklqana
Kikubaaqudgha
Makhleb
Okawaru
Qazlal
Ru
Sif Muna
Trog
Uskayaw
Vehumet
Xom
Yredelemnul
The Shining One


Innate Abilities, Weirdness & Mutations

You are a hulking beast.
Your limbs bulge with bestial killing power. (Slay +4)
You cannot wear most types of armour.
You are amphibious.
You can wear up to eight rings at the same time.
Your skin changes colour to match your surroundings (Stealth+).
Your rubbery body absorbs attacks. (AC +1, EV +1)
((You are camouflaged when in or above water. (Stealth+)))
You have tentacles for arms and can constrict up to eight enemies at once.


Message History

The centaur shoots an arrow.
The arrow misses you.
The centaur shoots an arrow.
The arrow barely misses you.
The centaur shoots an arrow.
The arrow misses you.
A two-headed ogre comes into view. It is wielding two +0 giant clubs.
Okay, then.
The centaur shoots an arrow.
The arrow barely misses you.
The centaur shoots an arrow.
The arrow closely misses you.
Okay, then.
Okay, then.
You feel protected.
Okay, then.
Okay, then.
The centaur unwields a +0 shortbow.
The centaur hits you. The centaur kicks you.
You hit the centaur. You drain the centaur. Your squeeze misses the centaur.
The centaur is moderately wounded.
The centaur closely misses you. The centaur kicks you.
You sock the two-headed ogre!
The two-headed ogre is lightly wounded.
The two-headed ogre closely misses you.
The two-headed ogre completely misses you.
You hit the two-headed ogre. You drain the two-headed ogre.
You squeeze the two-headed ogre!
The two-headed ogre is heavily wounded.
You hit the two-headed ogre. You drain the two-headed ogre.
Your squeeze misses the two-headed ogre.
The two-headed ogre is severely wounded.
The two-headed ogre misses you. The two-headed ogre closely misses you.
You thump the two-headed ogre!
Your squeeze misses the two-headed ogre.
The two-headed ogre is severely wounded.
The two-headed ogre completely misses you.
The two-headed ogre hits you with a +0 giant club!!
You closely miss the two-headed ogre.
Your squeeze misses the two-headed ogre.
The two-headed ogre is severely wounded.
The two-headed ogre hits you with a +0 giant club!!
* * * LOW HITPOINT WARNING * * *
The two-headed ogre hits you with a +0 giant club!!
You die...

#...#.#######
.......####### ######
.#...........# #..(.#
.#.....#####.###....#
.#...... #...#....#
.##...#..# ###......#
......#..######.....#
.............c.OY...#
.##............#h...#
###............#....#
###...........Y#....#
.....#.........######
...###..[...(..
##...........c.
#####....>...O
....... .......


You could see a two-headed ogre (drained), an ice beast and a centaur (drained).

Vanquished Creatures
  Sigmund (D:2)
  Eustachio (D:4)
  Menkaure (D:4)
  A black bear (D:5)
  An ogre (D:6)
  A bullfrog (D:6)
  5 scorpions
  3 hounds
  3 orc priests
  Crazy Yiuf (D:3)
  2 bombardier beetles
  2 gnoll boudas
  A jelly (D:6)
  2 sleepcaps
  2 iguanas
  Ijyb (D:4)
  Terence (D:3)
  3 orc wizards
  Robin (D:2)
  7 adders
  14 gnolls
  A white imp (D:6)
  2 ufetubi (D:6)
  A ribbon worm (D:5)
  2 dart slugs
  13 orcs
  4 ball pythons
  7 endoplasms
  3 giant cockroaches
  9 goblins
  11 hobgoblins
  7 jackals
  6 kobolds
  A quokka (D:1)
  2 bats (D:3)
  2 frilled lizards
  7 rats
  A butterfly (D:5)
133 creatures vanquished.

Notes
Turn   | Place    | Note
-------+----------+-------------------------------------------
     0 | D:1      | Dorkslayer the Octopode Shapeshifter began the quest for
                  | the Orb.
     0 | D:1      | Reached XP level 1. HP: 13/13 MP: 1/1
   169 | D:1      | Reached XP level 2. HP: 18/18 MP: 2/2
   292 | D:1      | Reached XP level 3. HP: 23/23 MP: 3/3
   601 | D:1      | Found a faded altar of an unknown god.
   957 | D:2      | Noticed Sigmund
   972 | D:2      | Killed Sigmund
   973 | D:2      | Reached skill level 5 in Unarmed Combat
   973 | D:2      | Reached XP level 4. HP: 22/28 MP: 4/4
   973 | D:2      | Reached XP level 5. HP: 26/33 MP: 5/5
  1004 | D:2      | Reached XP level 6. HP: 38/38 MP: 6/6
  1067 | D:2      | Noticed Robin
  1074 | D:2      | Killed Robin
  1534 | D:2      | Found a stormy altar of Qazlal.
  1760 | D:3      | Noticed Terence
  1773 | D:3      | Killed Terence
  2301 | D:3      | Found a runed translucent door.
  2302 | D:3      | Noticed Crazy Yiuf
  2311 | D:3      | Reached skill level 5 in Fighting
  2311 | D:3      | Reached XP level 7. HP: 51/51 MP: 7/7
  2315 | D:3      | Killed Crazy Yiuf
  2319 | D:3      | Identified the +4 hammer of the Globe {drain, rC+ rN+ Will+
                  | Stlth+}
  2458 | D:4      | Noticed Eustachio
  2467 | D:4      | Killed Eustachio
  2476 | D:4      | Reached XP level 8. HP: 40/57 MP: 8/8
  3019 | D:4      | Noticed Ijyb
  3028 | D:4      | Killed Ijyb
  3029 | D:4      | Reached skill level 1 in Maces & Flails
  3170 | D:4      | Noticed Menkaure
  3177 | D:4      | Killed Menkaure
  3322 | D:5      | Entered Level 5 of the Dungeon
  3467 | D:5      | Found a staircase to the Ecumenical Temple.
  3477 | Temple   | Entered the Ecumenical Temple
  3485 | Temple   | Became a worshipper of Dithmenos the Shadowed
  3534 | D:5      | Found a sacrificial altar of Ru.
  3537 | D:5      | Reached skill level 1 in Evocations
  3835 | D:5      | Found a snail-covered altar of Cheibriados.
  3996 | D:6      | Reached XP level 9. HP: 62/62 MP: 9/9
  4098 | D:6      | Reached * piety under Dithmenos
  4285 | D:6      | Found a blossoming altar of Fedhas.
  4291 | D:6      | Found a glowing golden altar of the Shining One.
  4296 | D:6      | Found a shimmering altar of Xom.
  4301 | D:6      | Found a stormy altar of Qazlal.
  4465 | D:6      | Noticed a two-headed ogre
  4477 | D:6      | Mangled by a two-headed ogre

Illustrated notes

Levels and vault maps discovered:
D:1:      dpeg_arrival_ratfight, layout_basic,
          hellmonk_ecumenical_altar_pennies_from_heaven, minivault_24,
          columned_hall_lemuel, serial_bayou_ford_a, glass_columns_b
D:2:      layout_basic, basic_altar, uniq_sigmund, uniq_robin
D:3:      layout_rooms, uniq_crazy_yiuf_cottage, uniq_terence
D:4:      layout_loops_corners, ebering_dispersal_statue_hall,
          kennysheep_cross_room, uniq_ijyb, uniq_menkaure, uniq_eustachio
D:5:      layout_rooms, slow_altar_1, nicolae_ru_awakened_eye,
          minmay_temple_entry_butterflies
D:6:      layout_rooms, grunt_temple_overflow_cloverleaf
Temple:   hellmonk_temple_forest_ring

Skill      XL: |  1  2  3  4  5  6  7  8 |
---------------+-------------------------+-----
Unarmed Combat | 5 8 |  8.6
Stealth        | 2 3 4 |  4.6
Fighting       | 5 |  5.8
Dodging        | 6 |  6.3
Shapeshifting  | 8 |  8.4
Maces & Flails | 2 |  2.7
Evocations     | 1 |  1.8

Action                     |  1- 3 |  4- 6 |  7- 9 || total
---------------------------+-------+-------+-------++-------
  Melee: Unarmed           |    56 |    55 |     2 ||   113
         Tentacles         |    18 |     8 |    30 ||    56
         Constrict         |    16 |    19 |    39 ||    74
         Punch             |     1 |     3 |     9 ||    13
         Mace              |       |       |   127 ||   127
  Throw: Dart              |       |       |     2 ||     2
  Evoke: Wand              |       |       |     2 ||     2
    Use: Scroll            |     3 |     3 |     2 ||     8
         Potion            |       |     4 |     3 ||     7
   Stab: Sleeping          |     4 |    13 |     7 ||    24
         Distracted        |       |     1 |       ||     1
 Armour: Skin              |    15 |    13 |    73 ||   101
  Dodge: Dodged            |    19 |    23 |   146 ||   188

Table legend: (Time is in decaauts)
 A = Elapsed time spent in this place.
 B = Non-inter-level travel time spent in this place.
 C = Inter-level travel time spent in this place.
 D = Time resting spent in this place.
 E = Time spent auto-exploring this place.
 F = Levels seen in this place.
 G = Mean time per level.
                   A        B        C        D        E       F      G
               +--------+--------+--------+--------+--------+-----+--------+
         Total |   4505 |   4505 |      0 |     85 |   2421 |   7 |  643.6 |
       Dungeon |   4488 |   4488 |      0 |     85 |   2421 |   6 |  748.0 |
        Temple |     16 |     16 |      0 |      0 |      0 |   1 |   16.0 |
               +--------+--------+--------+--------+--------+-----+--------+

Top non-repeatable levels by time:
     D:4: 1019 daAuts
     D:2: 965 daAuts
     D:1: 765 daAuts
     D:3: 643 daAuts
     D:5: 600 daAuts
     D:6: 493 daAuts
  Temple: 16 daAuts
